 Dungeon Crawl Stone Soup version 0.30-a0-862-g1aabd4f9c5 (webtiles) character file.

Game seed: 10811964111108004126

84 Maxmaps the Ducker (level 4, -5/61 HPs)
             Began as a Gnoll Monk on Mar 10, 2023.
             Succumbed to Robin's poison
             ... on level 2 of the Dungeon.
             The game lasted 00:01:46 (1707 turns).

Maxmaps the Ducker (Gnoll Monk)                     Turns: 1707, Time: 00:01:46

Health: -5/61      AC: 22    Str: 10    XL:     4   Next: 45%
Magic:  5/5        EV:  2    Int: 12    God:
Gold:   111        SH:  0    Dex: 14    Spells: 5/5 levels left

rFire   . . .      SeeInvis .    a - +0 falchion
rCold   . . .      Faith    .    (no shield)
rNeg    . . .      Spirit   .    j - melded +0 ring mail
rPois   +          Reflect  .    (helmet currently unavailable)
rElec   .          Rampage  .    (cloak currently unavailable)
rCorr   .          NoTele   +    (gloves currently unavailable)
Will    .....                    (boots currently unavailable)
Stlth   +++                      (no amulet)
HPRegen 0.30/turn                (no ring)
MPRegen 0.09/turn                (no ring)

@: mighty, brilliant, lethally poisoned (-5 -> -27), tree-form
A: stationary, stasis, torment immunity, boosted hp, (fangs 1), strong nose,
distributed training
a: no special abilities


You were on level 2 of the Dungeon.
You were a tree.
You visited 1 branch of the dungeon, and saw 2 of its levels.

You collected 111 gold pieces.

Inventory:

Hand Weapons
 a - a +0 falchion (weapon)
Armour
 j - a +0 ring mail (melded)
Scrolls
 b - a scroll of amnesia {unknown}
 e - a scroll of poison {unknown}
 g - 2 scrolls of fog {unknown}
 h - a scroll of vulnerability {unknown}
 k - a scroll of identify {unknown}
 l - a scroll of torment {unknown}
Potions
 i - a potion of lignification


   Skills:
 + Level 6.6 Fighting
 + Level 1.2 Short Blades
 + Level 6.6 Long Blades
 + Level 1.2 Axes
 + Level 1.2 Maces & Flails
 + Level 1.2 Polearms
 + Level 1.2 Staves
 + Level 1.2 Ranged Weapons
 + Level 1.2 Throwing
 + Level 1.2 Armour
 + Level 6.6 Dodging
 + Level 4.3 Stealth
 + Level 1.2 Shields
 + Level 1.2 Unarmed Combat
 + Level 1.2 Spellcasting
 + Level 1.0 Conjurations
 + Level 1.0 Hexes
 + Level 1.0 Summonings
 + Level 1.0 Necromancy
 + Level 1.0 Translocations
 + Level 1.0 Transmutations
 + Level 1.0 Fire Magic
 + Level 1.0 Ice Magic
 + Level 1.0 Air Magic
 + Level 1.0 Earth Magic
 + Level 1.0 Poison Magic
 + Level 1.3 Invocations
 + Level 1.2 Evocations


You had 5 spell levels left.
You didn't know any spells.
Your spell library contained the following spells:

 Spells                   Type           Power      Damage    Failure   Level
 Cigotuvi's Dreadful Rot  Necr/Pois/Air  8%         N/A       30%         2
 Poisonous Vapours        Pois/Air       8%         N/A       30%         2
 Call Canine Familiar     Summ           4%         N/A       52%         3
 Mephitic Cloud           Conj/Pois/Air  4%         N/A       52%         3
 Portal Projectile        Hex/Tloc       8%         N/A       52%         3
 Leda's Liquefaction      Hex/Erth       2%         N/A       89%         4


Dungeon Overview and Level Annotations

Branches:
Dungeon (2/15)

Altars:

Annotations:
D:2 Robin


Innate Abilities, Weirdness & Mutations

You are a tree.
Your roots penetrate the ground, keeping you stationary.
You cannot be teleported.
You are immune to unholy pain and torment.
Your maximum health is greatly increased.
Your equipment is partially melded.
((You have very sharp teeth.))
Your uncanny sense of smell can sniff out nearby items.
Your experience applies equally to all skills.


Message History

You are more poisoned.
You hit the hobgoblin.
You kill the hobgoblin!
You feel very sick. Robin barely misses you. The goblin barely misses you.
You hit the goblin.
The goblin is heavily wounded.
You feel sick.
Robin roars a battlecry!
The goblin closely misses you.
You hit the goblin.
You kill the goblin!
You feel sick.
Robin hits you with a +2 dagger of venom.
* * * LOW HITPOINT WARNING * * *
You are lethally poisoned!
It was a potion of lignification.
You turn into a tree.
Your +0 ring mail melds into your body.
Your roots penetrate the ground.
* * * LOW HITPOINT WARNING * * *
You feel very sick. Robin hits you but does no damage.
You are more poisoned.
You cannot move.
It was a potion of brilliance.
You feel clever all of a sudden.
* * * LOW HITPOINT WARNING * * *
You feel very sick. Robin throws the goblin at you!
It was a potion of might.
You feel very mighty all of a sudden.
* * * LOW HITPOINT WARNING * * *
You feel very sick. Robin hits you but does no damage.
You are more poisoned.
The goblin hits you but does no damage.
Unknown command.
Unknown command.
You slash the goblin!
You kill the goblin!
You die...

# #......# # #.####.# ########
###....#.# #......# ##.....#.#
#......# #......#.####......#
...###.#.##........#
#..###.#.........########
...#.#†#.........#......#
#.##.#.#.[.....)♣#†##.###+#####
.....#.#.>.....).g..#..g...g...
#.####.#.......).######gg..g...
..# #.##........# #>g......
######.##........# #...g....
.......##........# #..g....g
#########........# #...g....
...# #......).######......gS
##.# ########..[...#........


You could see Robin.

Vanquished Creatures
  A gnoll (D:1)
  2 adders (D:2)
  A dart slug (D:2)
  5 endoplasms
  2 giant cockroaches (D:1)
  8 goblins
  9 hobgoblins
  2 jackals (D:2)
  A quokka (D:2)
  4 ball pythons
  3 bats (D:1)
  5 frilled lizards
  3 kobolds
  5 rats
51 creatures vanquished.

Notes
Turn   | Place    | Note
-------+----------+-------------------------------------------
     0 | D:1      | Maxmaps the Gnoll Monk began the quest for the Orb.
     0 | D:1      | Reached XP level 1. HP: 23/23 MP: 1/1
   117 | D:1      | Reached XP level 2. HP: 28/29 MP: 2/2
   311 | D:1      | Reached XP level 3. HP: 35/35 MP: 3/3
   440 | D:1      | Reached skill level 1 in Invocations
  1024 | D:2      | Reached skill level 1 in Short Blades
  1024 | D:2      | Reached skill level 1 in Axes
  1024 | D:2      | Reached skill level 1 in Maces & Flails
  1024 | D:2      | Reached skill level 1 in Polearms
  1024 | D:2      | Reached skill level 1 in Staves
  1024 | D:2      | Reached skill level 1 in Ranged Weapons
  1024 | D:2      | Reached skill level 1 in Throwing
  1024 | D:2      | Reached skill level 1 in Armour
  1024 | D:2      | Reached skill level 1 in Shields
  1024 | D:2      | Reached skill level 1 in Unarmed Combat
  1024 | D:2      | Reached skill level 1 in Spellcasting
  1024 | D:2      | Reached skill level 1 in Evocations
  1327 | D:2      | Reached XP level 4. HP: 41/41 MP: 5/5
  1588 | D:2      | Noticed Robin
  1629 | D:2      | Reached skill level 1 in Conjurations
  1629 | D:2      | Reached skill level 1 in Hexes
  1629 | D:2      | Reached skill level 1 in Summonings
  1629 | D:2      | Reached skill level 1 in Necromancy
  1629 | D:2      | Reached skill level 1 in Translocations
  1629 | D:2      | Reached skill level 1 in Transmutations
  1629 | D:2      | Reached skill level 1 in Fire Magic
  1629 | D:2      | Reached skill level 1 in Ice Magic
  1629 | D:2      | Reached skill level 1 in Air Magic
  1629 | D:2      | Reached skill level 1 in Earth Magic
  1629 | D:2      | Reached skill level 1 in Poison Magic
  1706 | D:2      | HP: 1/61 [poisoned by Robin]
  1707 | D:2      | Succumbed to Robin's poison

Illustrated notes

Levels and vault maps discovered:
D:1:      eino_arrival_druids_welcome, layout_loops_ring, minmay_pentomino_u2
D:2:      layout_basic, uniq_robin

Skill      XL: |  1  2  3  4 |
---------------+-------------+-----
Invocations    | 1 |  1.3
Short Blades   | 1 |  1.2
Axes           | 1 |  1.2
Maces & Flails | 1 |  1.2
Polearms       | 1 |  1.2
Staves         | 1 |  1.2
Ranged Weapons | 1 |  1.2
Throwing       | 1 |  1.2
Armour         | 1 |  1.2
Shields        | 1 |  1.2
Unarmed Combat | 1 |  1.2
Spellcasting   | 1 |  1.2
Evocations     | 1 |  1.2
Conjurations   | 1 |  1.0
Hexes          | 1 |  1.0
Summonings     | 1 |  1.0
Necromancy     | 1 |  1.0
Translocations | 1 |  1.0
Transmutations | 1 |  1.0
Fire Magic     | 1 |  1.0
Ice Magic      | 1 |  1.0
Air Magic      | 1 |  1.0
Earth Magic    | 1 |  1.0
Poison Magic   | 1 |  1.0
Fighting       | |  6.6
Long Blades    | |  6.6
Dodging        | |  6.6
Stealth        | |  4.3

Action                     |  1- 3 |  4- 6 || total
---------------------------+-------+-------++-------
  Melee: Falchion          |    90 |    42 ||   132
         Bite              |     7 |     3 ||    10
         Punch             |     2 |       ||     2
    Use: Potion            |       |     4 ||     4
   Stab: Sleeping          |     9 |       ||     9
 Armour: Robe              |    11 |       ||    11
         Ring mail         |     9 |    10 ||    19
         Leather armour    |     1 |       ||     1
         Skin              |       |     4 ||     4
  Dodge: Dodged            |    55 |    27 ||    82

Table legend: (Time is in decaauts)
 A = Elapsed time spent in this place.
 B = Non-inter-level travel time spent in this place.
 C = Inter-level travel time spent in this place.
 D = Time resting spent in this place.
 E = Time spent auto-exploring this place.
 F = Levels seen in this place.
 G = Mean time per level.
                   A        B        C        D        E       F      G
               +--------+--------+--------+--------+--------+-----+--------+
         Total |   1704 |   1632 |     72 |    112 |   1142 |   2 |  852.0 |
       Dungeon |   1704 |   1632 |     72 |    112 |   1142 |   2 |  852.0 |
               +--------+--------+--------+--------+--------+-----+--------+

Top non-repeatable levels by time:
     D:1: 874 daAuts
     D:2: 829 daAuts
